 Dungeon Crawl Stone Soup version 0.28.0-53-g5a82cb258f (webtiles) character file.

Game seed: 17910821920804991937

6332 DocClef the Cleaver (level 10, 0/97 HPs)
             Began as a Purple Draconian Fighter on June 15, 2022.
             Was an Elder of Okawaru.
             Slain by a nine-headed hydra (8 damage)
             ... on level 9 of the Dungeon.
             The game lasted 00:11:13 (9652 turns).

DocClef the Cleaver (Purple Draconian Fighter)      Turns: 9652, Time: 00:11:15

Health: 0/97       AC: 10    Str: 23      XL:     10   Next: 64%
Magic:  8/10       EV: 16    Int:  7 (8)  God:    Okawaru [****..]
Gold:   408        SH:  6    Dex: 17      Spells: 9/9 levels left

rFire   + . .      SeeInvis .   o - +1 war axe (elec)
rCold   + . .      Faith    .   b - +0 buckler
rNeg    . . .      Spirit   .   (armour unavailable)
rPois   +          Reflect  .   h - +0 hat
rElec   .          Harm     .   g - scarf {repulsion}
rCorr   .          Rampage  .   J - +1 pair of gloves of Lust {rPois rF+ rC+ Stlth+}
Will    +....                   j - +0 pair of boots
Stlth   ++++......              (no amulet)
HPRegen 0.26/turn               n - +6 ring of dexterity
MPRegen 0.12/turn               w - +4 ring of slaying

@: heroic, repel missiles
A: breathe power, AC +7, unfitting armour, cold-blooded
a: Breathe Dispelling Energy, Renounce Religion, Heroism, Finesse


You were on level 9 of the Dungeon.
You worshipped Okawaru.
Okawaru was greatly pleased with you.
You visited 2 branches of the dungeon, and saw 10 of its levels.
You also visited: Ossuary.

You collected 408 gold pieces.

Inventory:

Hand Weapons
 a - a +0 war axe
 o - a +1 war axe of electrocution (weapon)
Missiles
 r - 4 throwing nets (quivered)
Armour
 b - a +0 buckler (worn)
 g - a scarf of repulsion (worn)
 h - a +0 hat (worn)
 j - a +0 pair of boots (worn)
 l - a +2 pair of gloves
 J - the +1 pair of gloves of Lust (worn) {rPois rF+ rC+ Stlth+}
   (You found it on level 9 of the Dungeon)

   rF:        It protects you from fire.
   rC:        It protects you from cold.
   rPois:     It protects you from poison.
   Stlth:     It makes you more stealthy.
Jewellery
 n - a +6 ring of dexterity (left hand)
 w - a +4 ring of slaying (right hand)
 y - a ring of flight
 z - a ring of wizardry
Wands
 C - a wand of digging (6)
 G - a wand of mindburst (19)
Scrolls
 i - a scroll of fog
 k - 3 scrolls of immolation {unknown}
 p - a scroll of vulnerability
 t - 8 scrolls of identify
 A - a scroll of fear
 B - 2 scrolls of blinking
 D - a scroll of enchant armour {unknown}
 E - a scroll of enchant weapon
 I - a scroll of magic mapping
Potions
 c - 3 potions of haste
 d - 2 potions of resistance
 e - 5 potions of curing
 f - a potion of degeneration
 m - a potion of invisibility {unknown}
 q - 2 potions of might
 s - 3 potions of flight {unknown}
 u - 5 potions of lignification {unknown}
 v - 3 potions of heal wounds {unknown}
 x - 2 potions of attraction {unknown}
 F - a potion of mutation {unknown}
 H - a potion of berserk rage {unknown}


   Skills:
 - Level 11.8(16.8) Fighting
 + Level 12.6(17.6) Axes
 - Level 2.6(7.6) Dodging
 - Level 3.0(8.0) Shields


You had 9 spell levels left.
You didn't know any spells.
Your spell library contained the following spells:

 Spells                   Type           Power      Damage    Failure   Level
 Leda's Liquefaction      Hex/Erth       0%         N/A       99%         4
 Lee's Rapid Deconstruct  Erth           0%         3d5*      100%        5
 Statue Form              Tmut/Erth      0%         N/A       100%        6


Dungeon Overview and Level Annotations

Branches:
Dungeon (9/15)             Temple (1/1) D:7         Ossuary (visited)
   Lair: D:8-11         Orc: D:9-12

Altars:
Cheibriados
Dithmenos
Elyvilon
Fedhas
Gozag
Hepliaklqana
Kikubaaqudgha
Makhleb
Nemelex Xobeh
Okawaru
Qazlal
Ru
Sif Muna
Trog
Uskayaw
Vehumet
Wu Jian
Xom
Yredelemnul
Zin
The Shining One


Innate Abilities, Weirdness & Mutations

You can breathe bolts of dispelling energy.
Your rich purple scales are hard. (AC +7)
You cannot fit into any form of body armour.
You are cold-blooded and may be slowed by cold attacks.


Message History

Lightning courses through the centaur warrior!
You kill the centaur warrior!
Okawaru is honoured by your kill.
You can now speed up your combat.
You barely miss something. You slash the centaur warrior!
Lightning courses through the centaur warrior!
The centaur warrior hits you!
The centaur warrior kicks you but does no damage.
Something hits you! Something bites you.
Something draws strength from your injuries!
You feel your strength returning.
You are too injured to fight recklessly!
You closely miss something. You hit the centaur warrior.
The centaur warrior hits you!
* * * LOW HITPOINT WARNING * * *
The centaur warrior closely misses you.
You slash something! You hit the centaur warrior.
Lightning courses through the centaur warrior!!
The centaur warrior barely misses you.
The centaur warrior completely misses you.
Something hits you but does no damage. Something bites you but does no damage.
You slash something! You hit the centaur warrior.
You slice one of the eight-headed hydra's heads off!
The seven-headed hydra grows two more!
You slash the nine-headed hydra!
The centaur warrior hits you but does no damage.
The centaur warrior completely misses you.
Something hits you!
* * * LOW HITPOINT WARNING * * *
Something barely misses you.
You block the nine-headed hydra's attack.
The nine-headed hydra barely misses you.
The nine-headed hydra bites you but does no damage.
The nine-headed hydra bites you!
* * * LOW HITPOINT WARNING * * *
The nine-headed hydra closely misses you.
The nine-headed hydra bites you.
* * * LOW HITPOINT WARNING * * *
The nine-headed hydra misses you.
The nine-headed hydra closely misses you.
The nine-headed hydra bites you!
You die...

..........#.######### #####
.....................
....##
..............########(....
..........###............#
..........# ###..#)......#
####......# ###))###...#
#......# .###......#
#......# #D.###....#
#......######@c# #.####
#........#...### #.###
######.......# ###...#####
##### ##.##...# #.###.....#
....# #..#####.)#..######.#
....# #.##
..##......#.#####
....#####.#
###...###.#.....#
....<.....# ####.....#
#.##....# ..>..######
#........# #..)....#


You could see a nine-headed hydra and a centaur warrior.

Vanquished Creatures
  Gastronok (D:8)
  Harold (D:8)
  Erolcha (D:9)
  A centaur warrior (D:9)
  Psyche (D:8)
  Prince Ribbit (D:7)
  2 steam dragons
  A water moccasin (D:6)
  An orc warrior (D:8)
  A sky beast (D:7)
  A necrophage (D:5)
  4 centaurs
  A phantom (D:5)
  A kobold brigand (D:9)
  A bullfrog (D:7)
  3 elf zombies (Ossuary)
  2 scorpions
  2 wyvern skeletons (D:6)
  6 killer bees
  3 centaur zombies
  2 hounds
  6 human zombies (Ossuary)
  A jelly (D:6)
  An orc priest (D:3)
  2 gnoll shamans
  An iron imp (D:5)
  2 orc wizards (D:9)
  2 mummies (Ossuary)
  2 adders
  13 gnolls
  2 shadow imps
  4 white imps
  An ufetubus (D:6)
  An adder zombie (Ossuary)
  6 worms
  2 dart slugs
  19 orcs
  7 endoplasms
  9 goblins
  6 hobgoblins
  10 kobolds
  3 quokkas
  7 ball pythons
  6 bats
  2 frilled lizards
  12 hobgoblin zombies (Ossuary)
  6 kobold zombies (Ossuary)
  7 orc zombies (Ossuary)
  8 rats
185 creatures vanquished.

Vanquished Creatures (others)
  Maggie (D:8)
  2 killer bees (D:8)
3 creatures vanquished.

Grand Total: 188 creatures vanquished

Notes
Turn   | Place    | Note
-------+----------+-------------------------------------------
     0 | D:1      | DocClef the Draconian Fighter began the quest for the Orb.
     0 | D:1      | Reached XP level 1. HP: 19/19 MP: 1/1
   164 | D:1      | Found a faded altar of an unknown god.
   233 | D:1      | Reached XP level 2. HP: 23/27 MP: 2/2
   942 | D:1      | Reached XP level 3. HP: 34/34 MP: 3/3
  1508 | D:2      | Reached skill level 5 in Fighting
  1711 | D:2      | Reached XP level 4. HP: 36/42 MP: 4/4
  2551 | D:3      | Noticed a scorpion
  2566 | D:3      | Killed a scorpion
  2567 | D:3      | Reached XP level 5. HP: 41/51 MP: 5/5
  3975 | D:5      | Entered Level 5 of the Dungeon
  3998 | D:5      | Found a snail-covered altar of Cheibriados.
  4288 | D:5      | Found a sand-covered staircase.
  4297 | Ossuary  | Entered an ossuary
  4376 | Ossuary  | Reached XP level 6. HP: 60/60 MP: 6/6
  4430 | Ossuary  | Your scales start taking on a rich purple colour.
  4430 | Ossuary  | Reached XP level 7. HP: 13/70 MP: 7/7
  4868 | D:5      | Reached skill level 10 in Fighting
  4888 | D:5      | Found a hazy altar of Hepliaklqana.
  5404 | D:6      | Reached XP level 8. HP: 69/81 MP: 8/8
  6829 | D:7      | Found a staircase to the Ecumenical Temple.
  6879 | Temple   | Entered the Ecumenical Temple
  7084 | Temple   | Became a worshipper of Warmaster Okawaru
  7167 | D:7      | Reached skill level 3 in Axes
  7303 | D:7      | Reached skill level 4 in Axes
  7632 | D:7      | Reached skill level 5 in Axes
  7803 | D:7      | Found a white marble altar of Elyvilon.
  7897 | D:7      | Noticed Prince Ribbit
  7904 | D:7      | Killed Prince Ribbit
  7904 | D:7      | Reached * piety under Okawaru
  7905 | D:7      | Reached skill level 6 in Axes
  7905 | D:7      | Reached XP level 9. HP: 65/90 MP: 9/9
  7908 | D:7      | Identified the +0 robe "Ziolliz" {Dex+7 Stlth-}
  8190 | D:8      | Noticed Psyche
  8196 | D:8      | Killed Psyche
  8197 | D:8      | Reached skill level 7 in Axes
  8295 | D:8      | Noticed Harold
  8298 | D:8      | Reached ** piety under Okawaru
  8312 | D:8      | Killed Harold
  8313 | D:8      | Reached skill level 9 in Axes
  8320 | D:8      | Noticed Maggie
  8329 | D:8      | Killed Maggie
  8598 | D:8      | Reached skill level 10 in Axes
  8795 | D:8      | Noticed Gastronok
  8808 | D:8      | Killed Gastronok
  8808 | D:8      | Reached *** piety under Okawaru
  8809 | D:8      | Reached skill level 11 in Axes
  8809 | D:8      | Reached XP level 10. HP: 57/97 MP: 10/10
  9377 | D:9      | Noticed Erolcha
  9402 | D:9      | Killed Erolcha
  9580 | D:9      | Reached skill level 12 in Axes
  9586 | D:9      | Identified the +1 pair of gloves of Lust {rPois rF+ rC+
                  | Stlth+}
  9612 | D:9      | Noticed a lindwurm
  9612 | D:9      | Noticed a lindwurm
  9618 | D:9      | Noticed a lindwurm
  9621 | D:9      | Noticed a lindwurm
  9640 | D:9      | Noticed a centaur warrior
  9645 | D:9      | Noticed a centaur warrior
  9647 | D:9      | Noticed an eight-headed hydra
  9649 | D:9      | Killed a centaur warrior
  9649 | D:9      | Reached **** piety under Okawaru
  9652 | D:9      | Slain by a nine-headed hydra

Illustrated notes

Levels and vault maps discovered:
D:1:      moated_graveyard_arrival, layout_basic, ebering_ecumenical_altar_box,
          lemuel_another_geyser
D:2:      layout_loops_corners
D:3:      layout_basic
D:4:      layout_rooms
D:5:      layout_basic, slow_altar_1, old_standard_altar,
          nicolae_ossuary_entry_monument
D:6:      layout_basic, grunt_ministairs_14, minmay_misc_feat_pillars
D:7:      layout_basic, elyvilon_altar_5, temple_fountains, lightli_orcish_oven,
          uniq_prince_ribbit1
D:8:      layout_loops_ring, uniq_harold, uniq_maggie, uniq_gastronok,
          uniq_psyche
D:9:      minmay_blocky_corners, layout_rooms, david_lair_shrubbed,
          minmay_lindwurm_lava, uniq_erolcha
Temple:   eino_narrow_crystal_temple

Skill      XL: |  1  2  3  4  5  6  7  8  9 10 |
---------------+-------------------------------+-----
Fighting       | 4 5 6 7 9 10 11 | 11.8
Axes           | 6 11 12 | 12.6
Dodging        | |  2.6
Shields        | |  3.0

Action                   |  1- 3 |  4- 6 |  7- 9 | 10-12 || total
-------------------------+-------+-------+-------+-------++-------
Melee: War axe           |    90 |   168 |   177 |    38 ||   473
       Tailslap          |    17 |    19 |    32 |     9 ||    77
Invok: Heroism           |       |       |     1 |     2 ||     3
 Abil: Breathe Dispellin |       |       |       |     1 ||     1
  Use: Scroll            |       |     8 |       |       ||     8
       Potion            |       |     1 |     7 |       ||     8
 Stab: Sleeping          |     3 |       |     2 |     1 ||     6
Armor: Skin              |    27 |    59 |    63 |    13 ||   162
Dodge: Dodged            |    62 |   125 |   127 |    26 ||   340
       Repelled          |       |     1 |     2 |       ||     3
Block: Buckler           |    16 |    42 |    47 |     7 ||   112
